| TOP OF THE 1ST |
|
Atlanta (MID) Braves batting - Pitching for Lakewood BlueClaws : RHP Ben Clayton
|
|
Pitching: RHP Ben Clayton
|
|
|
Batting: LHB Kevin Kantor
|
0-0: Foul Ball, location: 2F 0-1: Ball 1-1: Ball 2-1: Foul Ball, location: 2F 2-2: Ball 3-2: Base on Balls
|
|
Batting: SHB Brandon McClain
|
0-0: Called Strike Kevin Kantor steals 2nd base 0-1: SINGLE (Groundball, 56D, EV 101.9 MPH) Kevin Kantor to third Runner from 3rd tries for Home, SAFE, throw by LF to home Brandon McClain to second
|
|
Batting: RHB Xavier Davis
|
0-0: Foul Ball, location: 2F 0-1: Foul Ball, location: 2F 0-2: Ball 1-2: Foul Ball, location: 2F 1-2: Ball 2-2: SINGLE (Groundball, 56, EV 108.1 MPH) Brandon McClain to third
|
|
Batting: LHB Mark Thomas
|
0-0: Called Strike 0-1: Called Strike 0-2: Ball 1-2: Foul Ball, location: 2F 1-2: Ball Xavier Davis steals 2nd base 2-2: Strikes out swinging
|
|
Batting: LHB Travis Lazaro
|
0-0: Ball 1-0: Ball 2-0: Ball 3-0: Called Strike 3-1: Foul Ball, location: 2F 3-2: Fly out, F7 (Flyball, 78M, EV 76.9 MPH) Runner from 3rd tags up, SCORES, no throw by LF
|
|
Batting: LHB Tommy Williams
|
0-0: Ball 1-0: Foul Ball, location: 2F 1-1: Ball 2-1: Ground out U3 (Groundball, 3L, EV 81.2 MPH)
|
| Top of the 1st over - 2 runs, 2 hits, 0 errors, 1 left on base; Atlanta (MID) 2 - Lakewood 0 |
| BOTTOM OF THE 1ST |
|
Lakewood BlueClaws batting - Pitching for Atlanta (MID) Braves : LHP Pete McAllister
|
|
Pitching: LHP Pete McAllister
|
|
|
Batting: RHB Alberto Ramirez
|
0-0: Called Strike 0-1: Ball 1-1: Ball 2-1: Fly out, F8 (Flyball, 8RD, EV 108.1 MPH)
|
|
Batting: RHB Victor Arroyo
|
0-0: Ball 1-0: Foul Ball, location: 2F 1-1: Foul Ball, location: 2F 1-2: Ball 2-2: Ground out 6-3 (Groundball, 6, EV 84.4 MPH)
|
|
Batting: RHB Danny Krug
|
0-0: Ground out 3-1 (Groundball, 34, EV 81.9 MPH)
|
| Bottom of the 1st over - 0 runs, 0 hits, 0 errors, 0 left on base; Atlanta (MID) 2 - Lakewood 0 |
| TOP OF THE 2ND |
|
Atlanta (MID) Braves batting - Pitching for Lakewood BlueClaws : RHP Ben Clayton
|
|
Batting: RHB Mike Shook
|
0-0: Called Strike 0-1: Ball 1-1: Fly out, F8 (Flyball, 89D, EV 101.9 MPH)
|
|
Batting: RHB Andy Cunningham
|
0-0: Ball 1-0: Hit by Pitch
|
|
Batting: RHB David Zelaya
|
0-0: Called Strike 0-1: Fielders Choice at 2nd, 3-6 (Groundball, 34S, EV 80.6 MPH)
|
|
Batting: LHB Kevin Kantor
|
0-0: Foul Ball, location: 2F 0-1: Swinging Strike 0-2: Ball 1-2: Ball 2-2: Strikes out looking
|
| Top of the 2nd over - 0 runs, 0 hits, 0 errors, 1 left on base; Atlanta (MID) 2 - Lakewood 0 |
| BOTTOM OF THE 2ND |
|
Lakewood BlueClaws batting - Pitching for Atlanta (MID) Braves : LHP Pete McAllister
|
|
Batting: RHB Roberto Ruiz
|
0-0: Ball 1-0: Foul Ball, location: 2F 1-1: Foul Ball, location: 2F 1-2: Ball 2-2: Foul Ball, location: 2F 2-2: Foul Ball, location: 2F 2-2: Ball 3-2: Strikes out swinging
|
|
Batting: LHB Jose Carlos
|
0-0: Foul Ball, location: 2F 0-1: Swinging Strike 0-2: Ball 1-2: Ground out 4-3 (Groundball, 4, EV 108.8 MPH)
|
|
Batting: RHB Kyle Morse
|
0-0: Ball 1-0: Ball 2-0: Ball 3-0: Base on Balls
|
|
Batting: RHB Pedro Mata
|
0-0: Swinging Strike 0-1: Ball 1-1: Swinging Strike 1-2: Strikes out swinging
|
| Bottom of the 2nd over - 0 runs, 0 hits, 0 errors, 1 left on base; Atlanta (MID) 2 - Lakewood 0 |
| TOP OF THE 3RD |
|
Atlanta (MID) Braves batting - Pitching for Lakewood BlueClaws : RHP Ben Clayton
|
|
Batting: SHB Brandon McClain
|
0-0: Fly out, F8 (Line Drive, 8LM, EV 95.6 MPH)
|
|
Batting: RHB Xavier Davis
|
0-0: Ball 1-0: Ground out 5-3 (Groundball, 56S, EV 70.0 MPH)
|
|
Batting: LHB Mark Thomas
|
0-0: Foul Ball, location: 2F 0-1: Ball 1-1: Ball 2-1: Called Strike 2-2: Strikes out swinging
|
| Top of the 3rd over - 0 runs, 0 hits, 0 errors, 0 left on base; Atlanta (MID) 2 - Lakewood 0 |
| BOTTOM OF THE 3RD |
|
Lakewood BlueClaws batting - Pitching for Atlanta (MID) Braves : LHP Pete McAllister
|
|
Batting: LHB Troy Hodge
|
0-0: Called Strike 0-1: Ball 1-1: Foul Ball, location: 2F 1-2: SINGLE (Groundball, 4MD, EV 101.2 MPH)
|
|
Batting: RHB Steve Jones
|
0-0: Foul Ball, location: 2F 0-1: Ball Wild Pitch! Troy Hodge to second 1-1: Called Strike 1-2: Foul Ball, location: 2F 1-2: Ball 2-2: SINGLE (Line Drive, 5D, EV 108.8 MPH) Troy Hodge to third
|
|
Batting: RHB Alberto Ramirez
|
0-0: Called Strike 0-1: Ball 1-1: Ball 2-1: Called Strike 2-2: Ball 3-2: Foul Ball, location: 2F 3-2: Fielders Choice at 2nd, 5-4 (Groundball, 56, EV 81.9 MPH) Troy Hodge scores
|
|
Batting: RHB Victor Arroyo
|
0-0: Ball 1-0: Ball 2-0: Ball 3-0: Base on Balls Alberto Ramirez to second
|
|
Batting: RHB Danny Krug
|
0-0: Reached on error, E8 (Flyball, 8LS, EV 76.9 MPH) Alberto Ramirez to third Victor Arroyo to second
|
|
Batting: RHB Roberto Ruiz
|
0-0: Foul Ball, location: 2F 0-1: Foul Ball, location: 2F 0-2: Ball 1-2: Foul Ball, location: 2F 1-2: GRAND SLAM HOME RUN (Flyball, 78XD, EV 104.4 MPH), Distance : 411 ft
|
|
Batting: LHB Jose Carlos
|
0-0: Called Strike 0-1: Called Strike 0-2: Strikes out looking
|
|
Batting: RHB Kyle Morse
|
0-0: Ground out 5-3 (Groundball, 56, EV 83.8 MPH)
|
| Bottom of the 3rd over - 5 runs, 3 hits, 1 error, 0 left on base; Atlanta (MID) 2 - Lakewood 5 |
| TOP OF THE 4TH |
|
Atlanta (MID) Braves batting - Pitching for Lakewood BlueClaws : RHP Ben Clayton
|
|
Batting: LHB Travis Lazaro
|
0-0: Called Strike 0-1: Ball 1-1: Ball 2-1: Fly out, F7 (Flyball, 7D, EV 101.2 MPH)
|
|
Batting: LHB Tommy Williams
|
0-0: Ball 1-0: Foul Ball, location: 2F 1-1: TRIPLE (Line Drive, 9D, EV 97.5 MPH)
|
|
Batting: RHB Mike Shook
|
0-0: Swinging Strike 0-1: Foul Ball, location: 2F 0-2: Reached on error, E6 (Groundball, 6, EV 102.5 MPH) Tommy Williams scores
|
|
Batting: RHB Andy Cunningham
|
0-0: Swinging Strike 0-1: Foul Ball, location: 2F 0-2: Foul Ball, location: 2F 0-2: Ball 1-2: Foul Ball, location: 2F 1-2: Fly out, F8 (Flyball, 8LD, EV 95.0 MPH)
|
|
Batting: RHB David Zelaya
|
0-0: Fielders Choice at 2nd, 5-4 (Groundball, 56, EV 108.1 MPH)
|
| Top of the 4th over - 1 run, 1 hit, 1 error, 1 left on base; Atlanta (MID) 3 - Lakewood 5 |
| BOTTOM OF THE 4TH |
|
Lakewood BlueClaws batting - Pitching for Atlanta (MID) Braves : LHP Pete McAllister
|
|
Batting: RHB Pedro Mata
|
0-0: Ball 1-0: Foul Ball, location: 2F 1-1: Foul Ball, location: 2F 1-2: Ball 2-2: Strikes out swinging
|
|
Batting: LHB Troy Hodge
|
0-0: Ball 1-0: Called Strike 1-1: SINGLE (Groundball, 34D, EV 103.8 MPH)
|
|
Batting: RHB Steve Jones
|
0-0: Swinging Strike 0-1: Fielders Choice at 2nd, 6-4 (Groundball, 6D, EV 101.9 MPH)
|
|
Batting: RHB Alberto Ramirez
|
0-0: Called Strike 0-1: Foul Ball, location: 2F 0-2: SINGLE (Line Drive, 89S, EV 110.6 MPH) Steve Jones to second Steve Jones to third
|
|
Batting: RHB Victor Arroyo
|
0-0: Ball 1-0: Ball 2-0: Ball 3-0: Called Strike 3-1: Base on Balls Alberto Ramirez to second
|
|
Batting: RHB Danny Krug
|
0-0: Ball 1-0: Called Strike 1-1: Ball 2-1: GRAND SLAM HOME RUN (Line Drive, 7D, EV 99.4 MPH), Distance : 360 ft
|
|
Pitching: RHP Tom Lessor
|
|
|
Batting: RHB Roberto Ruiz
|
0-0: Called Strike 0-1: Called Strike 0-2: Ball 1-2: Ball 2-2: Foul Ball, location: 2F 2-2: Strikes out looking
|
| Bottom of the 4th over - 4 runs, 3 hits, 0 errors, 0 left on base; Atlanta (MID) 3 - Lakewood 9 |
| TOP OF THE 5TH |
|
Atlanta (MID) Braves batting - Pitching for Lakewood BlueClaws : RHP Ben Clayton
|
|
Batting: LHB Kevin Kantor
|
0-0: Ball 1-0: Called Strike 1-1: Ground out 4-3 (Groundball, 4, EV 84.4 MPH)
|
|
Batting: SHB Brandon McClain
|
0-0: Swinging Strike 0-1: Foul Ball, location: 2F 0-2: Ball 1-2: SINGLE (Groundball, 4MD, EV 107.5 MPH) (infield hit)
|
|
Batting: RHB Xavier Davis
|
0-0: Ball Brandon McClain steals 2nd base 1-0: Ball Brandon McClain steals 3rd base 2-0: Called Strike 2-1: Foul Ball, location: 2F 2-2: Foul Ball, location: 2F 2-2: Foul Ball, location: 2F 2-2: Ball 3-2: Foul Ball, location: 2F 3-2: Foul Ball, location: 2F 3-2: Reached on error, E6 (Groundball, 6, EV 105.6 MPH) Brandon McClain scores
|
|
Pitching: RHP Ronnie DeAngelo
|
|
|
Batting: LHB Mark Thomas
|
0-0: Called Strike 0-1: Ball 1-1: Foul Ball, location: 2F 1-2: Strikes out looking
|
|
Batting: LHB Travis Lazaro
|
0-0: Called Strike 0-1: Called Strike 0-2: Strikes out swinging
|
| Top of the 5th over - 1 run, 1 hit, 1 error, 1 left on base; Atlanta (MID) 4 - Lakewood 9 |
| BOTTOM OF THE 5TH |
|
Lakewood BlueClaws batting - Pitching for Atlanta (MID) Braves : RHP Tom Lessor
|
|
Batting: LHB Jose Carlos
|
0-0: Ball 1-0: Called Strike 1-1: Ball 2-1: Called Strike 2-2: Ball 3-2: Base on Balls
|
|
Batting: RHB Kyle Morse
|
0-0: Called Strike 0-1: Foul Ball, location: 2F 0-2: Ball 1-2: Strikes out swinging
|
|
Batting: RHB Pedro Mata
|
0-0: Ball 1-0: Called Strike 1-1: Swinging Strike 1-2: Ball 2-2: Strikes out looking
|
|
Batting: LHB Troy Hodge
|
0-0: Ball 1-0: Called Strike 1-1: Ball 2-1: Foul Ball, location: 2F 2-2: Ball 3-2: SINGLE (Groundball, 4D, EV 103.8 MPH) Jose Carlos to second Jose Carlos to third
|
|
Batting: RHB Steve Jones
|
0-0: Ball 1-0: Fielders Choice at 2nd, 5-4 (Groundball, 5, EV 86.9 MPH)
|
| Bottom of the 5th over - 0 runs, 1 hit, 0 errors, 2 left on base; Atlanta (MID) 4 - Lakewood 9 |
| TOP OF THE 6TH |
|
Atlanta (MID) Braves batting - Pitching for Lakewood BlueClaws : RHP Ronnie DeAngelo
|
|
Batting: LHB Tommy Williams
|
0-0: SINGLE (Line Drive, 89S, EV 90.0 MPH)
|
|
Batting: RHB Mike Shook
|
0-0: Ball 1-0: Ball 2-0: Foul Ball, location: 2F 2-1: Called Strike 2-2: Foul Ball, location: 2F 2-2: SINGLE (Groundball, 6MD, EV 106.9 MPH) Tommy Williams to second
|
|
Batting: RHB Andy Cunningham
|
0-0: Ball 1-0: Swinging Strike 1-1: Called Strike 1-2: Foul Ball, location: 2F 1-2: Ball 2-2: Ball 3-2: Foul Ball, location: 2F 3-2: Foul Ball, location: 2F 3-2: Foul Ball, location: 2F 3-2: Strikes out swinging
|
|
Batting: RHB David Zelaya
|
0-0: Foul Ball, location: 2F 0-1: Called Strike 0-2: Strikes out swinging
|
|
Batting: LHB Kevin Kantor
|
0-0: Swinging Strike 0-1: Swinging Strike 0-2: Foul Ball, location: 2F 0-2: Ball 1-2: Ball 2-2: Strikes out looking
|
| Top of the 6th over - 0 runs, 2 hits, 0 errors, 2 left on base; Atlanta (MID) 4 - Lakewood 9 |
| BOTTOM OF THE 6TH |
|
Lakewood BlueClaws batting - Pitching for Atlanta (MID) Braves : RHP Tom Lessor
|
|
Batting: RHB Alberto Ramirez
|
0-0: Ball 1-0: Fly out, F4 (Popup, 34, EV 74.4 MPH)
|
|
Batting: RHB Victor Arroyo
|
0-0: Called Strike 0-1: Ball 1-1: Called Strike 1-2: Ball 2-2: Foul Ball, location: 2F 2-2: Strikes out swinging
|
|
Batting: RHB Danny Krug
|
0-0: Ball 1-0: DOUBLE (Line Drive, 9LM, EV 106.9 MPH)
|
|
Batting: RHB Roberto Ruiz
|
0-0: Ball 1-0: Foul Ball, location: 2F 1-1: Ball 2-1: Called Strike 2-2: Fly out, F6 (Popup, 6M, EV 73.1 MPH)
|
| Bottom of the 6th over - 0 runs, 1 hit, 0 errors, 1 left on base; Atlanta (MID) 4 - Lakewood 9 |
| TOP OF THE 7TH |
|
Atlanta (MID) Braves batting - Pitching for Lakewood BlueClaws : RHP Ronnie DeAngelo
|
|
Batting: SHB Brandon McClain
|
0-0: Foul Ball, location: 2F 0-1: Foul Ball, location: 2F 0-2: Foul Ball, location: 2F 0-2: Ground out 4-3 (Groundball, 4MS, EV 73.8 MPH)
|
|
Batting: RHB Xavier Davis
|
0-0: Ball 1-0: SINGLE (Line Drive, 7S, EV 100.6 MPH)
|
|
Batting: LHB Mark Thomas
|
0-0: Ball Xavier Davis steals 2nd base (no throw) 1-0: Foul Ball, location: 2F 1-1: Ball 2-1: Ball 3-1: Called Strike 3-2: Strikes out looking
|
|
Pitching: RHP Dustin Hensley
|
|
|
Batting: LHB Travis Lazaro
|
0-0: Ball 1-0: Ball 2-0: Foul Ball, location: 2F 2-1: Ball 3-1: Foul Ball, location: 2F 3-2: Base on Balls
|
|
Batting: LHB Tommy Williams
|
0-0: Ball 1-0: Ball 2-0: Called Strike 2-1: Ball 3-1: Base on Balls Xavier Davis to third Travis Lazaro to second
|
|
Batting: RHB Mike Shook
|
0-0: Ball 1-0: Swinging Strike 1-1: Called Strike 1-2: Strikes out swinging
|
| Top of the 7th over - 0 runs, 1 hit, 0 errors, 3 left on base; Atlanta (MID) 4 - Lakewood 9 |
| BOTTOM OF THE 7TH |
|
Lakewood BlueClaws batting - Pitching for Atlanta (MID) Braves : RHP Tom Lessor
|
|
Pitching: RHP Todd Cox
|
|
|
Batting: LHB Jose Carlos
|
0-0: Ball 1-0: Swinging Strike 1-1: Swinging Strike 1-2: Strikes out swinging
|
|
Batting: RHB Kyle Morse
|
0-0: Ball 1-0: Ball 2-0: DOUBLE (Line Drive, 78D, EV 112.5 MPH)
|
|
Batting: RHB Pedro Mata
|
0-0: Ground out 4-3 (Groundball, 4M, EV 106.2 MPH) Kyle Morse to third
|
|
Batting: LHB Troy Hodge
|
0-0: Called Strike 0-1: Ball 1-1: Fly out, F6 (Popup, 6M, EV 70.0 MPH)
|
| Bottom of the 7th over - 0 runs, 1 hit, 0 errors, 1 left on base; Atlanta (MID) 4 - Lakewood 9 |
| TOP OF THE 8TH |
|
Atlanta (MID) Braves batting - Pitching for Lakewood BlueClaws : RHP Dustin Hensley
|
|
Batting: RHB Andy Cunningham
|
0-0: Ball 1-0: Foul Ball, location: 2F 1-1: Swinging Strike 1-2: Strikes out swinging
|
|
Batting: RHB David Zelaya
|
0-0: Ball 1-0: SINGLE (Groundball, 6MD, EV 108.1 MPH)
|
|
Batting: LHB Kevin Kantor
|
0-0: Ball 1-0: Ball 2-0: Ball 3-0: Base on Balls David Zelaya to second
|
|
Batting: SHB Brandon McClain
|
0-0: Ball 1-0: DOUBLE (Line Drive, 78D, EV 103.1 MPH) David Zelaya scores Kevin Kantor to third
|
|
Batting: RHB Xavier Davis
|
0-0: Called Strike 0-1: Foul Ball, location: 2F 0-2: Foul Ball, location: 2F 0-2: Ball 1-2: Foul Ball, location: 2F 1-2: Ball 2-2: Foul Ball, location: 2F 2-2: Ball 3-2: Fly out, F6 (Line Drive, 6, EV 68.1 MPH)
|
|
Batting: LHB Mark Thomas
|
0-0: Foul Ball, location: 2F 0-1: Ball 1-1: Ball 2-1: Ball 3-1: Called Strike 3-2: SINGLE (Groundball, 4, EV 94.4 MPH) Kevin Kantor scores Brandon McClain to third Runner from 3rd tries for Home, throw by CF and OUT! 8-2
|
| Top of the 8th over - 2 runs, 3 hits, 0 errors, 1 left on base; Atlanta (MID) 6 - Lakewood 9 |
| BOTTOM OF THE 8TH |
|
Lakewood BlueClaws batting - Pitching for Atlanta (MID) Braves : RHP Todd Cox
|
|
Batting: RHB Steve Jones
|
0-0: Foul Ball, location: 2F 0-1: Swinging Strike 0-2: Ball 1-2: Ground out 5-3 (Groundball, 56, EV 85.6 MPH)
|
|
Batting: RHB Alberto Ramirez
|
0-0: Ground out 5-3 (Groundball, 56, EV 83.8 MPH)
|
|
Batting: RHB Victor Arroyo
|
0-0: Ball 1-0: Ball 2-0: Swinging Strike 2-1: Swinging Strike 2-2: Strikes out looking
|
| Bottom of the 8th over - 0 runs, 0 hits, 0 errors, 0 left on base; Atlanta (MID) 6 - Lakewood 9 |
| TOP OF THE 9TH |
|
Atlanta (MID) Braves batting - Pitching for Lakewood BlueClaws : RHP Dustin Hensley
|
|
Pitching: RHP Chris Lee
|
|
|
Batting: LHB Travis Lazaro
|
0-0: Ball 1-0: Swinging Strike 1-1: Swinging Strike 1-2: Foul Ball, location: 2F 1-2: Foul Ball, location: 2F 1-2: Foul Ball, location: 2F 1-2: Fly out, F8 (Line Drive, 8LD, EV 95.0 MPH)
|
|
Batting: LHB Tommy Williams
|
0-0: Ball 1-0: Called Strike 1-1: Swinging Strike 1-2: Strikes out swinging
|
|
Batting: RHB Mike Shook
|
0-0: Ball 1-0: Ball 2-0: Ground out 6-3 (Groundball, 56, EV 98.8 MPH)
|
| Top of the 9th over - 0 runs, 0 hits, 0 errors, 0 left on base; Atlanta (MID) 6 - Lakewood 9 |
|